Map: Dreamcatcher LE

Players

MarioMM - Winner!

  • Race: Terran Terran
  • League: Diamond
  • Spawn Location: 5:00

Oafa

  • Race: Zerg Zerg
  • League: Diamond
  • Spawn Location: 11:00

VOD

Have the link to the VOD?

Description

Time

  • Played on: July 1, 2018, 12:46 p.m.
  • Length: 27:25
Show
View Real Time Build Order
Export as new Build Order

MarioMM Terran - Winner!

Build Orders:  

Get SALT Encoding   

  12  0:00  SCV  
  13  0:12  SCV  
  14  0:22  Supply Depot  
  14  0:25  SCV  
  15  0:43  SCV  
  15  0:45  Barracks  
  16  0:55  Refinery, SCV  
  17  1:07  SCV  
  18  1:19  SCV  
  19  1:34  Orbital Command  
  20  1:40  Reaper  
  20  1:43  Command Center  
  20  2:01  Barracks  
  20  2:08  Supply Depot  
  20  2:09  SCV  
  20  2:11  Marine  
  22  2:19  Factory  
  22  2:22  SCV  
  23  2:34  Engineering Bay  
  23  2:35  Barracks Reactor  
  23  2:37  SCV  
  24  2:47  Refinery  
  24  2:49  SCV  
  25  2:56  Orbital Command  
  26  3:12  SCV  
  26  3:14  Terran Infantry Weapons Level 1  
  26  3:15  Marine  
  26  3:16  Marine  
  26  3:19  Barracks Tech Lab  
  28  3:22  SCV  
  28  3:25  SCV  
  32  3:34  SCV  
  32  3:37  SCV  
  32  3:38  Marine  
  32  3:39  Marine x2  
  35  3:45  Supply Depot  
  35  3:46  SCV  
  36  3:49  Starport, SCV  
  36  3:53  Factory Reactor  
  37  3:56  Marine  
  37  3:58  SCV  
  37  4:00  Stimpack  
  39  4:05  Widow Mine  
  39  4:06  SCV  
  42  4:11  SCV  
  42  4:14  Marine x2  
  42  4:15  Marine  
  46  4:18  SCV  
  46  4:20  Barracks  
  46  4:29  Medivac  
  46  4:31  Factory Reactor, Marine  
  48  4:32  Marine  
  48  4:35  Supply Depot  
  48  4:37  SCV x2  
  52  4:40  Marine  
  53  4:48  Supply Depot  
  53  4:49  Marine  
  54  4:56  Marine  
  55  5:11  Marine, Barracks Reactor  
  55  5:12  Marine  
  57  5:15  Medivac  
  57  5:17  Medivac  
  61  5:22  SCV x2  
  61  5:23  Supply Depot  
  61  5:24  Command Center  
  61  5:27  Refinery x2  
  63  5:32  Barracks x2  
  63  5:33  Barracks  
  63  5:34  SCV  
  64  5:40  Barracks  
  64  5:41  SCV  
  65  5:43  Marine x2  
  65  5:47  SCV  
  68  5:55  SCV, Marine  
  70  5:58  Marine  
  70  5:59  Marine  
  70  6:00  Medivac x2  
  70  6:03  SCV  
  77  6:06  Supply Depot  
  77  6:07  SCV  
  77  6:08  Supply Depot  
  71  6:46  Marine x2  
  61  6:48  Barracks Reactor x2  
  61  6:49  Barracks Reactor x2  
  61  6:51  Marauder  
  60  6:55  Terran Infantry Armor Level 1  
  60  6:58  Armory  
  60  7:00  Orbital Command  
  60  7:03  Command Center  
  60  7:05  SCV x2  
  62  7:13  Engineering Bay  
  62  7:17  SCV  
  62  7:18  SCV  
  64  7:23  Marine x3  
  64  7:24  Marauder, Marine  
  64  7:26  Marine x6  
  64  7:27  Marine  
  64  7:28  Marine  
  64  7:29  SCV  
  79  7:30  SCV  
  79  7:31  Factory Reactor  
  79  7:33  Medivac  
  79  7:34  Medivac  
  84  7:42  Starport  
  84  7:48  Terran Infantry Weapons Level 2  
  84  7:50  Orbital Command  
  84  8:00  SCV  
  84  8:01  SCV  
  84  8:02  Marine x3  
  84  8:03  Marauder, Refinery, Marine x6  
  84  8:04  Marine, Command Center  
  98  8:07  Medivac  
  98  8:09  Medivac  
  102  8:18  Supply Depot x2  
  102  8:19  Supply Depot  
  102  8:26  Marine  
  103  8:29  Orbital Command  
  103  8:35  SCV x2  
  103  8:36  SCV  
  103  8:41  Supply Depot x2  
  106  8:47  SCV  
  107  8:55  Marine x6  
  110  8:56  Marine x6  
  110  8:57  Marauder  
  110  8:58  Widow Mine x2  
  110  9:00  Medivac  
  127  9:03  Terran Vehicle And Ship Armor Level 1  
  127  9:23  Marine  
  127  9:24  Marine x6  
  128  9:25  Marauder  
  128  9:29  Terran Infantry Armor Level 2  
  119  10:15  Marine  
  119  10:16  Marauder, Marine x8  
  119  10:17  Marine x3  
  119  10:20  Medivac x3  
  139  10:22  Terran Infantry Weapons Level 3  
  139  10:26  Orbital Command  
  133  10:33  Marine  
  113  10:39  Marine x3  
  113  10:40  Marauder, Marine x7  
  106  10:54  Marine x2  
  106  10:55  Sensor Tower, Widow Mine  
  106  10:56  Widow Mine, Medivac x2  
  118  10:57  Marine  
  118  10:59  Starport Tech Lab  
  118  11:01  Marauder  
  118  11:03  Starport, Supply Depot  
  119  11:05  Supply Depot  
  119  11:07  Barracks, Terran Ship Weapons Level 1  
  119  11:10  Fusion Core  
  119  11:13  Marine x3  
  119  11:14  Liberator x3, Marine x3  
  119  11:15  Marine  
  119  11:17  SCV  
  119  11:18  SCV  
  128  11:20  SCV  
  128  11:21  SCV  
  128  11:22  Marauder  
  132  11:26  Refinery  
  132  11:30  Refinery  
  141  11:33  Marine x3  
  141  11:37  Combat Shield  
  144  11:41  Starport Reactor  
  144  11:49  Starport  
  144  11:52  Supply Depot, Barracks  
  142  11:54  Supply Depot  
  133  12:08  Marine  
  133  12:09  Marauder, Marine x7  
  133  12:10  Marine x2  
  133  12:12  Widow Mine x2  
  150  12:19  Marine  
  146  12:27  Liberator x2  
  146  12:28  Liberator  
  146  12:29  Liberator  
  117  12:33  Marauder, Marine x5  
  113  12:37  Marine  
  113  12:38  Marine x3  
  113  12:39  Marine  
  113  12:40  Marine x3  
  113  12:44  Widow Mine x2  
  119  12:50  Marine  
  119  12:51  Liberator, Marine x2  
  130  12:55  Marauder  
  133  13:05  Marine x2  
  133  13:06  Marine x2  
  133  13:07  Marine x5  
  133  13:11  Terran Infantry Armor Level 3  
  133  13:12  Terran Ship Weapons Level 2  
  145  13:13  Liberator  
  145  13:16  Marauder  
  147  13:24  Planetary Fortress  
  147  13:25  Marine x5  
  152  13:27  Barracks Tech Lab, Marine x2  
  152  13:28  Marine  
  152  13:29  Widow Mine  
  152  13:32  Viking  
  162  13:51  Advanced Ballistics  
  159  13:59  Liberator x4  
  127  14:17  Marine x7  
  127  14:18  Marauder, Marine x2  
  129  14:45  Liberator x3  
  129  14:46  Liberator  
  129  14:49  Liberator  
  113  14:59  Marine x5  
  102  15:00  Marine x5  
  102  15:01  Marauder x2  
  102  15:02  Widow Mine x2  
  132  15:07  Marine x2  
  132  15:16  SCV x4  
  132  15:17  Marine x2  
  132  15:18  Refinery  
  132  15:19  Marine x4  
  132  15:20  Marine x2  
  144  15:22  Marauder x2  
  144  15:26  Command Center  
  148  15:32  Liberator  
  148  15:36  Marine x6  
  148  15:37  Marine  
  148  15:41  Terran Ship Weapons Level 3  
  155  15:47  Starport  
  151  16:15  Liberator x2  
  136  16:29  Marine x4  
  136  16:30  Marauder x2, Marine x5  
  136  16:31  Medivac x3  
  136  16:32  Medivac  
  148  16:41  Marine  
  148  16:42  Marine  
  148  16:43  Widow Mine  
  148  16:44  Widow Mine  
  152  16:49  Liberator  
  152  16:51  Marauder  
  154  16:54  Planetary Fortress  
  154  16:55  Refinery  
  154  16:57  SCV x3  
  154  17:01  Marauder, Marine x7  
  160  17:04  Medivac  
  160  17:08  Marine x4  
  174  17:12  Widow Mine  
  174  17:13  Marauder  
  175  17:18  Refinery, Missile Turret  
  175  17:22  Marauder  
  177  17:31  Marine x2  
  177  17:32  Marine x6  
  177  17:34  Marauder  
  187  17:44  Marauder  
  176  18:04  Marine x6  
  172  18:05  Viking x2  
  172  18:06  Viking x4  
  166  18:18  Liberator  
  153  18:32  Liberator x3  
  153  18:35  Viking x2  
  158  18:41  Marine x3  
  158  18:42  Marauder x2  
  165  18:54  Terran Vehicle And Ship Armor Level 2, Liberator x2  
  168  19:12  Marine, Command Center  
  168  19:13  Marine x5  
  168  19:14  Marauder x2, Marine x5  
  168  19:15  Command Center  
  186  19:44  Liberator x2  
  186  19:45  Liberator  
  171  19:51  Marine x2  
  171  19:52  Marine x8  
  163  19:53  Marauder  
  147  20:00  Marine  
  147  20:01  Marauder, Marine  
  147  20:02  Medivac x3  
  164  20:11  Command Center  
  162  20:25  Missile Turret  
  147  20:31  Marine x2  
  147  20:32  Marauder, Marine x4, Viking x2  
  136  20:36  Marine x2  
  136  20:38  Medivac  
  131  21:06  Liberator  
  131  21:07  Liberator x2  
  111  21:22  Marauder, Marine x6  
  111  21:23  Marine x3, Medivac  
  122  21:30  Marine  
  112  21:35  Marine x3  
  112  21:37  Viking  
  115  21:40  Marine x2  
  117  21:56  Marine x2  
  117  21:57  Marauder, Marine x7  
  117  21:59  Marine  
  129  22:03  Raven  
  130  22:14  Barracks Tech Lab  
  130  22:19  Planetary Fortress  
  130  22:22  Ghost Academy  
  129  22:45  SCV x2  
  131  22:52  Liberator x4  
  131  23:03  Marine x3  
  131  23:04  Marauder, Marine  
  137  23:07  Marauder, Marine x7  
  137  23:09  Widow Mine x2  
  137  23:12  Medivac  
  128  23:49  Marine x3  
  128  23:50  Marauder x3  
  128  23:51  Marine x5  
  128  23:52  Marine  
  132  24:11  Marauder x3  
  134  24:20  Orbital Command  
  124  24:28  Marine  
  124  24:29  Marine x6  
  124  24:30  Marine x3  
  122  24:32  Marauder  
  122  24:35  Marine x4  
  122  24:42  Liberator  
  122  24:54  Marine x6  
  122  24:55  Marauder x3, Marine  
  122  24:56  Refinery, Widow Mine x2  
  122  24:59  Refinery  
  142  25:16  Marauder  
  144  25:30  Marauder, Marine x5  
  144  25:31  Marine  
  144  25:33  Liberator x4  
  144  25:34  Liberator x2  
  166  26:16  Liberator x3  
  165  26:30  Command Center  
Show
View Real Time Build Order
Export as new Build Order

Oafa Zerg 

Build Orders: Hatch First 

Get SALT Encoding   

  12  0:01  Drone  
  13  0:36  Hatchery, Drone  
  13  0:42  Overlord  
  13  0:48  Drone  
  14  1:01  Drone  
  14  1:02  Drone  
  16  1:17  Spawning Pool  
  15  1:19  Drone  
  15  1:20  Extractor  
  15  1:21  Drone  
  16  1:45  Drone x2  
  18  1:49  Drone  
  19  2:17  Queen x2  
  19  2:22  Drone x5  
  28  2:23  Overlord  
  28  2:43  Zergling x4  
  30  2:44  Zergling x4  
  30  2:51  Metabolic Boost  
  32  3:01  Roach Warren  
  32  3:03  Evolution Chamber  
  30  3:14  Drone x3  
  30  3:15  Drone  
  30  3:16  Drone x2  
  36  3:29  Zerg Ground Armor Level 1  
  36  3:33  Extractor  
  35  3:37  Drone  
  35  3:40  Overlord x3  
  36  4:01  Queen x2  
  36  4:02  Overlord x2  
  40  4:08  Zergling x4  
  42  4:12  Drone x3  
  42  4:13  Drone  
  46  4:47  Drone x5  
  46  4:48  Drone x4  
  55  4:53  Hatchery  
  54  5:07  Drone x2  
  54  5:08  Extractor  
  54  5:09  Extractor  
  54  5:10  Drone x3  
  54  5:13  Drone  
  58  5:16  Roach  
  60  5:25  Roach  
  60  5:26  Roach x3  
  68  5:32  Roach  
  68  5:33  Roach  
  71  5:36  Queen x2  
  71  5:39  Zerg Missile Weapons Level 1  
  75  5:43  Overlord  
  75  5:44  Overlord  
  75  6:06  Drone  
  75  6:07  Drone x5  
  71  6:49  Drone x3  
  71  6:50  Drone x2  
  76  6:55  Roach x7  
  90  7:01  Lair  
  90  7:14  Hatchery  
  89  7:19  Roach  
  89  7:21  Overlord x6  
  91  7:27  Hatchery  
  90  7:50  Roach x7  
  90  7:51  Roach x2  
  108  7:59  Evolution Chamber  
  108  8:05  Roach x5  
  117  8:20  Zerg Missile Weapons Level 2  
  117  8:22  Glial Reconstitution  
  117  8:23  Roach x4  
  125  8:28  Hydralisk Den  
  125  8:30  Drone x3  
  127  8:41  Overlord x2  
  127  8:42  Overlord x5  
  127  8:46  Roach x3  
  133  8:50  Extractor  
  133  8:54  Extractor  
  131  8:59  Zerg Ground Armor Level 2  
  131  9:01  Hydralisk x3, Grooved Spines  
  131  9:02  Hydralisk x2  
  141  9:12  Pneumatized Carapace  
  141  9:21  Hydralisk x6  
  141  9:23  Hydralisk  
  151  10:13  Muscular Augments  
  105  10:43  Overseer x2  
  105  10:44  Roach x4  
  105  10:45  Roach x8  
  105  10:46  Roach x7  
  105  10:47  Roach  
  145  10:52  Infestation Pit  
  145  10:55  Extractor  
  145  10:56  Drone x2  
  147  10:57  Drone x10  
  147  10:58  Extractor  
  147  11:03  Hatchery  
  153  11:18  Hydralisk  
  153  11:19  Hydralisk x3  
  153  11:21  Overlord x3  
  153  11:22  Overlord  
  161  11:33  Hive  
  161  11:38  Lurker Den  
  84  12:49  Hydralisk x17  
  84  12:50  Hydralisk x10  
  134  12:52  Viper  
  137  13:05  Hydralisk x4  
  141  13:07  Hydralisk  
  145  13:18  Drone x5  
  150  13:22  Adaptive Talons  
  150  13:24  Lurker  
  150  13:26  Lurker  
  152  13:32  Zerg Missile Weapons Level 3  
  152  13:48  Extractor  
  86  14:26  Roach  
  86  14:27  Roach x16  
  114  14:58  Hydralisk  
  114  14:59  Hydralisk x8  
  132  15:13  Hydralisk x4  
  140  15:14  Hydralisk x9  
  140  15:16  Lurker x2  
  140  15:17  Lurker x2  
  162  15:32  Spire  
  161  15:49  Hatchery  
  154  16:06  Extractor  
  140  16:50  Corruptor  
  140  16:51  Corruptor x9, Hatchery  
  159  16:56  Drone  
  159  16:59  Drone  
  161  17:01  Drone  
  161  17:08  Drone x2  
  163  17:10  Drone  
  163  17:12  Drone  
  166  17:25  Overseer  
  166  17:26  Drone  
  166  17:27  Drone x3  
  166  17:29  Drone  
  171  17:31  Drone  
  171  17:34  Drone  
  173  17:40  Drone x3  
  146  18:27  Corruptor x6  
  146  18:28  Corruptor x4  
  166  18:41  Hydralisk x5  
  164  18:52  Greater Spire  
  156  19:25  Hydralisk  
  156  19:26  Hydralisk x11  
  154  20:00  Hydralisk x7  
  154  20:01  Hydralisk x4  
  120  20:40  Hydralisk x3  
  120  20:41  Hydralisk x2  
  82  21:27  Hydralisk  
  82  21:28  Hydralisk x4  
  81  21:38  Zergling x2  
  81  21:39  Zergling x6  
  81  21:41  Zergling x10  
  86  22:06  Extractor  
  85  22:08  Zergling x2  
  85  22:09  Zergling x14  
  85  22:10  Extractor  
  92  22:22  Extractor  
  91  22:38  Hatchery  
  85  23:25  Ultralisk Cavern  
  85  23:26  Hydralisk x3  
  87  23:28  Zergling x2  
  87  23:29  Zergling x20  
  80  23:53  Zergling x2  
  80  23:54  Zergling x14  
  77  24:12  Hydralisk Den, Zergling x6  
  77  24:13  Zergling x8  
  53  24:39  Adrenal Glands  
  54  25:07  Zergling x12  
  61  25:15  Ultralisk x2  
  61  25:17  Zergling x2  
  67  25:21  Zergling x4  
  63  25:55  Extractor  
  60  25:58  Extractor  
  52  26:05  Hatchery  
Tags
 
Matchup
TvZ
Replay Pack
replaypack1
Spawn Locations
Cross Positions
Add a new tag
Caveats
  • Supply blocks, unpowered buildings, or Contaminate may cause inaccurate times.
  • Supply counts are checked every 10 seconds.